 Dungeon Crawl Stone Soup version 0.22-a0-247-gbddf880 (webtiles) character file.

23783 MatthieuS the Markscentaur (level 12, 0/106 HPs)
             Began as a Centaur Hunter on Feb 24, 2018.
             Was the Champion of Okawaru.
             Slain by Sonja
             ... wielding a +2 short sword of distortion
              (22 damage)
             ... on level 2 of the Lair of Beasts.
             The game lasted 00:40:58 (15775 turns).

MatthieuS the Markscentaur (Centaur Hunter)        Turns: 15775, Time: 00:41:02

Health: 0/106      AC: 10    Str: 16    XL:     12   Next: 74%
Magic:  19/19      EV: 14    Int: 10    God:    Okawaru [******]
Gold:   650        SH:  0    Dex: 14    Spells: 11/11 levels left

rFire    . . .     SeeInvis +   w - +5 longbow (flame)
rCold    . . .     Gourm    .   (shield currently unavailable)
rNeg     . . .     Faith    .   J - +1 troll leather armour
rPois    +         Spirit   .   m - +1 helmet
rElec    .         Reflect  .   n - +0 cloak
rCorr    .         Harm     .   (no gloves)
MR       .....                  (no barding)
Stlth    +.........             (no amulet)
HPRegen  0.67/turn              I - ring of see invisible
MPRegen  0.16/turn              p - ring of poison resistance

@: lethally poisoned (0 -> 0), slowed
A: large, hooves 3, deformed body, speed 2, tough skin 3
a: Heroism, Finesse, Renounce Religion


You were on level 2 of the Lair of Beasts.
You worshipped Okawaru.
Okawaru was exalted by your worship.
You were not hungry.

You visited 3 branches of the dungeon, and saw 14 of its levels.
You also visited: Sewer.

You collected 1041 gold pieces.
You spent 391 gold pieces at shops.

Inventory:

Hand Weapons
 a - a +2 dagger of venom
 v - a +2 trident
 w - a +5 longbow of flaming (weapon)
Missiles
 g - 346 arrows (quivered)
 j - 104 bolts
 y - 3 throwing nets
Armour
 m - a +1 helmet (worn)
 n - a +0 cloak (worn)
 E - a +3 leather armour of cold resistance
 J - a +1 troll leather armour (worn)
Jewellery
 p - a ring of poison resistance (right hand)
 H - an uncursed ring of protection from fire
 I - a ring of see invisible (left hand)
 R - an uncursed ring of protection from cold {unknown}
Wands
 e - a wand of acid (6)
 h - a wand of digging (15)
 q - a wand of iceblast (14)
 t - a wand of enslavement (22)
 x - a wand of disintegration (15)
 z - a wand of random effects (39)
 N - a wand of flame (26)
Scrolls
 b - 10 scrolls of remove curse
 d - 15 scrolls of teleportation
 i - 5 scrolls of magic mapping
 o - 6 scrolls of identify
 D - 3 scrolls of blinking
 F - a scroll of amnesia
 G - 2 scrolls of fear
 S - a scroll of noise {unknown}
Potions
 c - a potion of haste
 k - a potion of curing
 l - 4 potions of brilliance
 r - 3 potions of flight
 s - 3 potions of berserk rage
 u - a potion of lignification
 A - 4 potions of mutation
 B - 2 potions of ambrosia
 C - 2 potions of magic
 L - 2 potions of might
 M - a potion of invisibility
 O - a potion of agility {unknown}
 P - a potion of degeneration {unknown}
 Q - a potion of experience {unknown}
Miscellaneous
 K - a phantom mirror
Comestibles
 f - 22 rations


   Skills:
 + Level 10.2 Fighting
 - Level 1.3 Short Blades
 + Level 15.1 Bows
 + Level 3.8 Armour
 + Level 7.8 Dodging
 - Level 0.4 Stealth
 + Level 9.5 Invocations
 - Level 5.5 Evocations


You had 11 spell levels left.
You didn't know any spells.

Dungeon Overview and Level Annotations

Branches:
Dungeon (11/15)            Temple (1/1) D:7            Lair (2/6) D:11
 Shoals (0/4) Lair:2       Spider (0/4) Lair:2          Orc (0/2) D:9

Altars:
Ashenzari
Cheibriados
Dithmenos
Elyvilon
Fedhas
Gozag
Hepliaklqana
Kikubaaqudgha
Makhleb
Nemelex Xobeh
Okawaru
Qazlal
Ru
Sif Muna
Trog
Uskayaw
Vehumet
Wu Jian
Xom
Yredelemnul
Zin
The Shining One

Shops:
D:4 *

Annotations:
D:2 1 runed door
D:4 1 runed door
Lair:2 Sonja


Innate Abilities, Weirdness & Mutations

You have hooves in place of feet.
Armour fits poorly on your strangely shaped body.
You cover ground very quickly.
You have extremely tough skin. (AC +3)


Message History

You feel sick.
The snapping turtle bites you from afar!!
Sonja hits you with an uncursed short sword of distortion.
You feel strangely unstable.
Sonja hits you with an uncursed short sword of distortion.
* * * LOW HITPOINT WARNING * * *
Space bends around you.
* * * LOW HITPOINT WARNING * * *
Sonja closely misses you. The snapping turtle closely misses you.
You are too injured to fight recklessly!
Unknown command.
You are too injured to fight recklessly!
Okay, then.
As you read the scroll of teleportation, it crumbles to dust.
You feel strangely stable.
You feel sick. Sonja closely misses you. Sonja hits you but does no damage.
Space bends around you.
* * * LOW HITPOINT WARNING * * *
Sonja barely misses you. x2; Sonja hits you but does no damage.
Space warps horribly around you!
You die...

....# ...#.# ....#≈
. ≈≈≈≈### .# ≈≈≈≈≈#
.## ### #≈≈≈#
..##.##≈≈##.(. #≈≈#
.......≈≈#.....#≈≈##
.......≈≈#(.>.tK@..#
....P##≈≈#.....#≈≈.#
.#P..#.≈≈##...##≈≈(#
......#≈≈≈#####≈≈≈.#
#.....#P≈≈≈≈≈≈≈≈≈≈.#
#....####≈≈≈≈≈≈≈...#
....).##....##≈#..##
...#PP............#
..............#.#.#


You could see a snapping turtle and Sonja.

Vanquished Creatures
  Snorg (D:10)
  Harold (Lair:2)
  4 two-headed ogres
  An oklob plant (D:11)
  Pikel (D:5)
  An ice statue (D:9)
  2 ugly things (D:11)
  Joseph (D:8)
  A centaur zombie (D:11)
  A spiny frog (Lair:2)
  2 rime drakes
  2 komodo dragons
  A queen bee (D:9)
  The ghost of MatthieuS the Skirmisher, an amateur MiWn of Okawaru (D:4)
  2 trolls (D:9)
  A hornet (D:11)
  Prince Ribbit (D:6)
  12 blink frogs
  6 hippogriffs
  Grinder (D:4)
  Sigmund (D:6)
  18 yaks
  3 steam dragons
  Grum (D:8)
  A hungry ghost (D:11)
  Edmund (D:4)
  2 porcupines
  4 water moccasins
  2 sky beasts
  2 slaves (D:6)
  Duvessa (D:4)
  3 orc warriors
  5 ice beasts
  3 phantoms
  A necrophage (D:7)
  3 ogres
  An eye of draining (D:10)
  8 wolves
  5 centaurs
  5 crocodiles
  Blork the orc (D:4)
  A big kobold (Sewer)
  9 bullfrogs
  Dowan (D:4)
  3 scorpions
  26 killer bees
  4 wights (D:7)
  2 electric eels (Lair:2)
  5 crimson imps
  2 quasits (D:10)
  3 jellies
  9 hounds
  3 centaur skeletons
  3 orc priests
  A bullfrog skeleton (D:10)
  A gnoll shaman (D:5)
  5 orc wizards
  2 iguanas
  8 worker ants
  3 worker ant zombies
  Robin (D:2)
  10 gnolls
  5 adders
  3 howler monkey skeletons
  2 river rats (Sewer)
  A shadow imp (D:8)
  5 oozes
  2 adder skeletons
  4 worms
  2 dart slugs
  12 leopard geckos
  24 orcs
  9 giant cockroaches
  15 goblins
  8 hobgoblins
  6 jackals
  4 quokkas
  A ball python (D:7)
  7 bats
  4 frilled lizards
  10 kobolds
  A leopard gecko skeleton (D:4)
  10 rats
  A fungus (D:10)
  4 plants (D:11)
356 creatures vanquished.

Vanquished Creatures (collateral kills)
  A worker ant (D:4)
  A hound skeleton (D:4)
  An adder skeleton (D:4)
  2 orcs (D:4)
  A frilled lizard (D:4)
6 creatures vanquished.

Vanquished Creatures (others)
  A scorpion (D:4)
  A crimson imp (D:6)
  2 orcs
4 creatures vanquished.

Grand Total: 366 creatures vanquished

Notes
Turn   | Place    | Note
-------+----------+-------------------------------------------
     0 | D:1      | MatthieuS the Centaur Hunter began the quest for the Orb.
     0 | D:1      | Reached XP level 1. HP: 17/17 MP: 1/1
   171 | D:1      | Reached XP level 2. HP: 23/24 MP: 2/2
   619 | D:1      | Reached skill level 6 in Bows
   876 | D:2      | Reached XP level 3. HP: 29/30 MP: 3/3
  1063 | D:2      | Noticed Robin
  1355 | D:2      | Killed Robin
  1672 | D:2      | Reached XP level 4. HP: 37/37 MP: 4/4
  2289 | D:2      | Found a blossoming altar of Fedhas.
  2436 | D:2      | Found a runed door.
  2565 | D:3      | Reached skill level 7 in Bows
  2607 | D:3      | Reached XP level 5. HP: 26/45 MP: 5/5
  2848 | D:3      | Found a glowing drain.
  2873 | Sewer    | Entered a sewer
  3091 | Sewer    | Reached XP level 6. HP: 46/51 MP: 6/6
  3122 | Sewer    | Found a glowing silver altar of Zin.
  3431 | D:3      | Found an ancient bone altar of Kikubaaqudgha.
  3521 | D:3      | Reached skill level 8 in Bows
  3773 | D:4      | Noticed Grinder
  3803 | D:4      | Killed Grinder
  3803 | D:4      | Reached skill level 1 in Evocations
  3803 | D:4      | Reached XP level 7. HP: 23/59 MP: 7/7
  4012 | D:4      | Noticed Edmund
  4014 | D:4      | Found Ipaluwn's Assorted Antiques.
  4074 | D:4      | Noticed MatthieuS's ghost (amateur MiWn)
  4121 | D:4      | Killed MatthieuS's ghost
  4151 | D:4      | Killed Edmund
  4151 | D:4      | Reached skill level 9 in Bows
  4515 | D:4      | Found a glowing golden altar of the Shining One.
  4515 | D:4      | Found a runed door.
  4515 | D:4      | Noticed an angel
  4556 | D:4      | Noticed Blork the orc
  4592 | D:4      | Killed Blork the orc
  4592 | D:4      | Reached skill level 5 in Fighting
  4592 | D:4      | Reached XP level 8. HP: 38/68 MP: 8/10
  4823 | D:4      | Bought a shimmering dagger for 189 gold pieces
  4823 | D:4      | Identified the +7 dagger "Ocuwaott" {protect, rPois rN++ Str-2 Dex+3} (You bought it in a shop on level 4 of the Dungeon)
  4864 | D:4      | Noticed Dowan
  4881 | D:4      | Noticed Duvessa
  4914 | D:4      | Killed Duvessa
  4914 | D:4      | Reached skill level 1 in Short Blades
  5279 | D:4      | Killed Dowan
  5540 | D:5      | Entered Level 5 of the Dungeon
  6714 | D:5      | Reached skill level 10 in Bows
  6949 | D:6      | Noticed Pikel
  7042 | D:5      | Killed Pikel
  7042 | D:5      | Reached XP level 9. HP: 43/78 MP: 12/12
  7305 | D:6      | Noticed Prince Ribbit
  7322 | D:6      | Killed Prince Ribbit
  7332 | D:6      | Reached skill level 5 in Dodging
  7664 | D:6      | Found a snail-covered altar of Cheibriados.
  7671 | D:6      | Reached skill level 5 in Evocations
  7930 | D:6      | Reached skill level 11 in Bows
  8226 | D:6      | Identified a scroll of acquirement
  8362 | D:6      | Found a basalt altar of Yredelemnul.
  8376 | D:6      | Found a shattered altar of Ashenzari.
  8377 | D:6      | Noticed Sigmund
  8382 | D:6      | Killed Sigmund
  8873 | D:4      | Bought an embroidered cloak for 202 gold pieces
  8948 | D:7      | Found a staircase to the Ecumenical Temple.
  8955 | Temple   | Entered the Ecumenical Temple
  8983 | Temple   | Became a worshipper of Warmaster Okawaru
  9097 | D:7      | Reached skill level 1 in Invocations
  9097 | D:7      | Reached XP level 10. HP: 86/86 MP: 14/14
 10223 | D:8      | Reached * piety under Okawaru
 10281 | D:8      | Noticed a two-headed ogre
 10289 | D:8      | Killed a two-headed ogre
 10289 | D:8      | Reached skill level 12 in Bows
 10383 | D:8      | Found an ornate altar of the Wu Jian Council.
 10395 | D:8      | Noticed Joseph
 10409 | D:8      | Killed Joseph
 10900 | D:8      | Reached ** piety under Okawaru
 10901 | D:8      | Noticed Grum
 10906 | D:8      | Killed Grum
 11106 | D:9      | Reached skill level 5 in Invocations
 11195 | D:9      | Noticed a two-headed ogre
 11230 | D:9      | Killed a two-headed ogre
 11277 | D:9      | Noticed an ice statue
 11287 | D:9      | Killed an ice statue
 11287 | D:9      | Reached *** piety under Okawaru
 11316 | D:9      | Reached skill level 13 in Bows
 11316 | D:9      | Reached XP level 11. HP: 75/94 MP: 15/15
 11694 | D:9      | Reached **** piety under Okawaru
 11796 | D:9      | Received a gift from Okawaru
 12140 | D:9      | Found a shimmering altar of Xom.
 12143 | D:9      | Found a bloodstained altar of Trog.
 12149 | D:9      | Found a hazy altar of Hepliaklqana.
 12252 | D:9      | Found a staircase to the Orcish Mines.
 12488 | D:10     | Entered Level 10 of the Dungeon
 12490 | D:10     | Noticed Snorg
 12507 | D:10     | Killed Snorg
 12875 | D:10     | Reached ***** piety under Okawaru
 13032 | D:10     | Reached skill level 1 in Armour
 13041 | D:10     | Reached skill level 14 in Bows
 13548 | D:11     | Noticed a white ugly thing
 13554 | D:11     | Killed a white ugly thing
 13555 | D:11     | Noticed a two-headed ogre
 13577 | D:11     | Noticed a green ugly thing
 13600 | D:11     | Killed a two-headed ogre
 13602 | D:11     | Killed a green ugly thing
 13809 | D:11     | Found a staircase to the Lair.
 13809 | D:11     | Noticed an oklob plant
 13815 | D:11     | Noticed a two-headed ogre
 13815 | D:11     | Killed an oklob plant
 13815 | D:11     | Reached XP level 12. HP: 60/104 MP: 18/18
 13843 | D:11     | Killed a two-headed ogre
 13843 | D:11     | Received a gift from Okawaru
 13994 | D:11     | Received a gift from Okawaru
 14280 | Lair:1   | Entered Level 1 of the Lair of Beasts
 14477 | Lair:1   | Received a gift from Okawaru
 14605 | Lair:1   | Received a gift from Okawaru
 15246 | Lair:2   | Reached skill level 10 in Fighting
 15254 | Lair:2   | Received a gift from Okawaru
 15273 | Lair:2   | Reached skill level 15 in Bows
 15421 | Lair:2   | Reached ****** piety under Okawaru
 15421 | Lair:2   | Received a gift from Okawaru
 15464 | Lair:2   | Found a hole to the Spider Nest.
 15590 | Lair:2   | Noticed Harold
 15616 | Lair:2   | Killed Harold
 15766 | Lair:2   | Found a staircase to the Shoals.
 15766 | Lair:2   | Noticed Sonja
 15775 | Lair:2   | Slain by Sonja

Vault maps used:
D:1:      dpeg_arrival_chambers_temple_mockup, minmay_misc_feat_secret_circle,
          minmay_misc_feat_roman, grunt_decor_resistance
D:2:      fedhas_altar_fruit_tree, uniq_robin, uniq_crazy_yiuf_cottage
D:3:      kiku_gazebo_garden_becter, gup_sewer_entry_pipe
D:4:      first_ration, serial_shops, shop, lemuel_angel_altar,
          uniq_blork_the_orc, uniq_edmund, uniq_duvessa, uniq_grinder
D:6:      lemuel_doored_altar, grunt_temple_overflow_open,
          minmay_joined_circles, uniq_pikel, uniq_sigmund, uniq_prince_ribbit1
D:7:      minmay_temple_entry_statues_fountains
D:8:      old_standard_altar, uniq_grum, uniq_joseph
D:9:      grunt_temple_overflow_diamond, orc_0_dummy, david_nohive_1,
          minivault_16
D:10:     kennysheep_steamy, uniq_snorg
D:11:     dpeg_oklobed_lair
Temple:   cyrus_circular_temple
Lair:1:   infiniplex_staircase_pool_2
Lair:2:   minmay_shoals_entry_hut, spider_nest_entry_web_field, uniq_harold,
          uniq_sonja
Sewer:    sewer_kobolds

Skill      XL: |  1  2  3  4  5  6  7  8  9 10 11 12 |
---------------+-------------------------------------+-----
Bows           | 6 7 8 9 10 11 13 14 15 | 15.1
Dodging        | 2 3 4 5 6 7 |  7.8
Fighting       | 3 4 5 6 7 8 9 10 | 10.2
Evocations     | 1 2 4 5 |  5.5
Short Blades   | 1 |  1.3
Invocations    | 1 5 8 9 |  9.5
Armour         | 2 3 |  3.8
Stealth        | |  0.4

Action                   |  1- 3 |  4- 6 |  7- 9 | 10-12 || total
-------------------------+-------+-------+-------+-------++-------
Melee: Short sword       |    19 |       |       |       ||    19
       Dagger            |    20 |   166 |   194 |    76 ||   456
       Kick              |     6 |    39 |    44 |    41 ||   130
 Fire: Shortbow          |    79 |     2 |   216 |       ||   297
       Longbow           |       |       |    37 |   569 ||   606
Invok: Heroism           |       |       |       |     7 ||     7
Evoke: Wand              |       |     9 |    11 |       ||    20
  Use: Scroll            |       |     7 |    12 |    13 ||    32
       Potion            |       |       |     7 |     1 ||     8
 Stab: Paralysed         |       |     7 |    18 |       ||    25
  Eat: Chunk             |     1 |     6 |    10 |     9 ||    26
       Ration            |       |       |     1 |     2 ||     3
Armor: Leather armour    |    31 |     3 |    77 |    32 ||   143
       Ring mail         |       |    49 |     2 |       ||    51
       Skin              |       |       |    56 |       ||    56
       Troll leather arm |       |       |       |    39 ||    39
Dodge: Dodged            |    35 |    63 |   115 |   159 ||   372

Table legend:
 A = Spawn XP
 B = Non-spawn XP
 C = Spawn XP percentage of total XP
 D = Spawn monster count
 E = Non-spawn monster count
 F = Spawn count percentage of total count
 G = Total turns spent on level
                    A         B        C        D         E        F      G
               +---------+---------+-------+---------+---------+-------+---------
         Total |       0 |   33976 |   0.0 |       0 |     355 |   0.0 | 15775
               +---------+---------+-------+---------+---------+-------+---------
           D:1 |       0 |      37 |   0.0 |       0 |      20 |   0.0 |  1086
           D:2 |       0 |     140 |   0.0 |       0 |      31 |   0.0 |  1456
           D:3 |       0 |     176 |   0.0 |       0 |      32 |   0.0 |   891
           D:4 |       0 |    1245 |   0.0 |       0 |      29 |   0.0 |  1829
           D:5 |       0 |    1581 |   0.0 |       0 |      22 |   0.0 |  1683
           D:6 |       0 |    1881 |   0.0 |       0 |      26 |   0.0 |  1702
           D:7 |       0 |    1117 |   0.0 |       0 |      21 |   0.0 |  1180
           D:8 |       0 |    2541 |   0.0 |       0 |      17 |   0.0 |   871
           D:9 |       0 |    5822 |   0.0 |       0 |      53 |   0.0 |  1453
          D:10 |       0 |    3580 |   0.0 |       0 |      24 |   0.0 |  1015
          D:11 |       0 |    5634 |   0.0 |       0 |      23 |   0.0 |   777
        Lair:1 |       0 |    4520 |   0.0 |       0 |      22 |   0.0 |   818
        Lair:2 |       0 |    5572 |   0.0 |       0 |      23 |   0.0 |   677
         Sewer |       0 |     130 |   0.0 |       0 |      12 |   0.0 |   293
               +---------+---------+-------+---------+---------+-------+---------
